 Dungeon Crawl Stone Soup version 0.26.1-11-gd32895ea62 (webtiles) character file.

Game seed: 13620923295800390153

333 Glamhuggeren the Cudgeller (level 6, -18/38 HPs)
             Began as a Gargoyle Fighter on July 4, 2021.
             Killed from afar by Ijyb (19 damage)
             ... with a bolt of acid
             ... on level 3 of the Dungeon.
             The game lasted 00:05:53 (3163 turns).

Glamhuggeren the Cudgeller (Gargoyle Fighter)       Turns: 3163, Time: 00:05:53

Health: -18/38     AC: 13    Str: 21    XL:     6   Next: 52%
Magic:  6/6        EV:  7    Int:  9    God:
Gold:   172        SH:  9    Dex:  9    Spells: 5/5 levels left

rFire    . . .     SeeInvis .   s - +1 mace (drain)
rCold    . . .     Faith    .   c - +0 kite shield
rNeg     + . .     Spirit   .   b - +0 scale mail
rPois    ∞         Reflect  .   (no helmet)
rElec    +         Harm     .   (no cloak)
rCorr    .         Rampage  .   m - +0 pair of gloves (curse)
Will     .....                  p - +0 pair of boots
Stlth    ..........             (no amulet)
HPRegen  0.12/turn              (no ring)
MPRegen  0.10/turn              (no ring)

@: no status effects
A: negative energy resistance 1, electricity resistance, unbreathing,
petrification resistance, miasma immunity, AC +4
a: no special abilities


You were on level 3 of the Dungeon.
You visited 1 branch of the dungeon, and saw 3 of its levels.

You collected 172 gold pieces.

Inventory:

Hand Weapons
 a - a +0 flail
 i - a +1 mace of draining
 s - a +1 mace of draining (weapon)
Missiles
 e - 99 stones (quivered)
Armour
 b - a +0 scale mail (worn)
 c - a +0 kite shield (worn)
 k - a +2 pair of gloves
 m - a cursed +0 pair of gloves (worn)
 p - a +0 pair of boots (worn)
 t - a +0 helmet
Jewellery
 d - a +4 ring of protection
 v - a +4 ring of evasion
Wands
 r - a wand of flame (15)
Scrolls
 f - 2 scrolls of teleportation {unknown}
 g - 5 scrolls of remove curse {unknown}
 h - a scroll of amnesia {unknown}
 o - a scroll of blinking {unknown}
 q - a scroll of identify {unknown}
 u - a scroll of random uselessness {unknown}
Potions
 j - 2 potions of curing {unknown}
 l - a potion of mutation {unknown}
 n - a potion of degeneration {unknown}


   Skills:
 - Level 4.0 Fighting
 * Level 6.0 Maces & Flails
 - Level 4.0 Armour
 - Level 3.2 Shields


You had 5 spell levels left.
You didn't know any spells.
Your spell library was empty.

Dungeon Overview and Level Annotations

Branches:
Dungeon (3/15)

Altars:

Annotations:
D:3 Ijyb


Innate Abilities, Weirdness & Mutations

You are resistant to torment.
Your stone body is resilient. (AC +4)
You are immune to poison.
You resist negative energy. (rN+)
You are resistant to electric shocks. (rElec)
You can survive without breathing.
You are immune to petrification.
You are immune to miasma.


Message History

You hit Ijyb.
Ijyb is moderately wounded.
Ijyb zaps a wand.
The bolt of acid hits you!
You are splashed with acid!
You are too injured to fight recklessly!
You are too injured to fight recklessly!
You thump Ijyb!
Ijyb is heavily wounded.
You block Ijyb's attack. Ijyb hits you but does no damage.
You barely miss Ijyb.
Ijyb is heavily wounded.
Ijyb hits you but does no damage.
You closely miss Ijyb.
Ijyb is heavily wounded.
Ijyb zaps a wand.
The bolt of acid hits you.
You are splashed with acid!
* * * LOW HITPOINT WARNING * * *
You closely miss Ijyb.
Ijyb is heavily wounded.
Ijyb zaps a wand.
The bolt of acid hits you!!
Ouch! That really hurt!
You die...

# #. #..#.# #
#.# #..#.# # #.#
#....# #.#
##.### #.# #.#
#.# #.# #.# #.#
#g# #.#
#@############.#
#..............#
##############.#
###


You could see Ijyb (drained).

Vanquished Creatures
  Sigmund (D:3)
  Terence (D:3)
  Robin (D:3)
  5 adders
  5 oozes
  A worm (D:2)
  2 leopard geckos
  3 orcs (D:3)
  8 bats
  2 giant cockroaches
  13 goblins
  12 hobgoblins
  7 kobolds
  A quokka (D:3)
  A ball python (D:1)
  4 frilled lizards
  A quokka skeleton (D:3)
  5 rats
73 creatures vanquished.

Notes
Turn   | Place    | Note
-------+----------+-------------------------------------------
     0 | D:1      | Glamhuggeren the Gargoyle Fighter began the quest for the
                  | Orb.
     0 | D:1      | Reached XP level 1. HP: 14/14 MP: 1/1
   104 | D:1      | Reached XP level 2. HP: 18/19 MP: 2/2
   721 | D:1      | Reached XP level 3. HP: 23/23 MP: 3/3
  1075 | D:2      | Reached skill level 3 in Maces & Flails
  1626 | D:2      | Reached XP level 4. HP: 28/29 MP: 4/4
  2130 | D:3      | Noticed Robin
  2291 | D:2      | Reached skill level 4 in Maces & Flails
  2412 | D:3      | Reached XP level 5. HP: 27/33 MP: 5/5
  2415 | D:3      | Killed Robin
  2714 | D:3      | Noticed Terence
  2716 | D:3      | Noticed Sigmund
  2723 | D:3      | Killed Terence
  2728 | D:3      | Killed Sigmund
  2729 | D:3      | Reached skill level 5 in Maces & Flails
  2729 | D:3      | Reached XP level 6. HP: 15/38 MP: 6/6
  2783 | D:3      | Reached skill level 6 in Maces & Flails
  3148 | D:3      | Noticed Ijyb
  3162 | D:3      | HP: 1/38 [acid (11)]
  3163 | D:3      | Killed from afar by Ijyb

Illustrated notes

Levels and vault maps discovered:
D:1:      mrwooster_arrival_statue_3, layout_loops_corners,
          minmay_strange_pillars
D:2:      layout_rooms
D:3:      layout_basic, minmay_misc_feat_ornament, uniq_robin, uniq_sigmund,
          uniq_ijyb, uniq_terence, uniq_grinder

Skill      XL: |  1  2  3  4  5  6 |
---------------+-------------------+-----
Maces & Flails | 3 4 5 6 |  6.0
Fighting       | 4 |  4.0
Armour         | 4 |  4.0
Shields        | |  3.2

Action                   |  1- 3 |  4- 6 || total
-------------------------+-------+-------++-------
Melee: Flail             |   143 |    99 ||   242
       Mace              |       |    58 ||    58
Throw: Stone             |       |     3 ||     3
  Use: Potion            |       |     1 ||     1
Armor: Scale mail        |    83 |   118 ||   201
Dodge: Dodged            |    44 |    64 ||   108
Block: Kite shield       |    74 |    98 ||   172
